 Dungeon Crawl Stone Soup version 0.30-a0-881-g1ff12e1e11 (webtiles) character file.

Game seed: 8973405405016559715

221 Dittersdorf the Trooper (level 5, -9/34 HPs)
             Began as a Gargoyle Fighter on Mar 14, 2023.
             Killed by divine providence
             ... invoked by an orc priest
              (13 damage)
             ... on level 4 of the Dungeon.
             The game lasted 00:04:24 (2947 turns).

Dittersdorf the Trooper (Gargoyle Fighter)          Turns: 2947, Time: 00:04:25

Health: -9/34      AC: 13    Str: 22    XL:     5   Next: 98%
Magic:  14/14      EV:  9    Int:  8    God:
Gold:   167        SH:  4    Dex:  9    Spells: 4/4 levels left

rFire   . . .      SeeInvis .    a - +0 flail
rCold   . . .      Faith    .    c - +0 buckler
rNeg    + . .      Spirit   .    b - +0 scale mail
rPois   ∞          Reflect  .    (no helmet)
rElec   +          Rampage  .    q - scarf {repulsion}
rCorr   .                        (no gloves)
Will    .....                    m - +1 pair of boots Stlth
                                 (no amulet)
HPRegen 0.25/turn                r - ring of magical power
MPRegen 0.14/turn                (no ring)

@: studying Fighting, repel missiles
A: sickness immunity, AC +4, negative energy resistance 1, electricity
resistance, torment resistance 1, petrification resistance
a: no special abilities


You were on level 4 of the Dungeon.
You visited 1 branch of the dungeon, and saw 4 of its levels.
You also visited: Sewer.

You collected 167 gold pieces.

Inventory:

Hand Weapons
 a - a +0 flail (weapon)
Armour
 b - a +0 scale mail (worn)
 c - a +0 buckler (worn)
 m - a +1 pair of boots (worn)
 q - a scarf of repulsion (worn)
Jewellery
 r - a ring of magical power (left hand)
 s - a ring of ice
Scrolls
 f - 3 scrolls of teleportation
 l - a scroll of fear
Potions
 d - 4 potions of might
 h - a potion of haste
 i - a potion of flight {unknown}
 k - a potion of cancellation {unknown}
 o - 2 potions of mutation {unknown}
 t - 2 potions of heal wounds {unknown}
 u - 2 potions of curing {unknown}


   Skills:
 + Level 4.8 Fighting
 + Level 3.3 Maces & Flails
 + Level 4.5 Armour
 + Level 4.5 Shields


You had 4 spell levels left.
You didn't know any spells.
Your spell library contained the following spells:

 Spells                   Type           Power      Damage    Failure   Level
 Magic Dart               Conj           0%         1d3       82%         1
 Necrotise                Necr           0%         1d4       82%         1
 Call Imp                 Summ           0%         N/A       91%         2
 Ensorcelled Hibernation  Hex/Ice        0%         N/A       91%         2
 Passwall                 Tmut/Erth      0%         N/A       91%         2
 Kindle Blastsparks       Fire/Tloc/Air  0%         2d10      99%         3
 Mephitic Cloud           Conj/Pois/Air  0%         N/A       99%         3
 Summon Guardian Golem    Hex/Summ       0%         N/A       99%         3
 Swiftness                Air            0%         N/A       99%         3
 Vampiric Draining        Necr           0%         2d6       99%         3
 Fulminant Prism          Conj/Hex       0%         3d5       100%        4
 Iskenderun's Mystic Bla  Conj/Tloc      0%         2d3       100%        4
 Olgreb's Toxic Radiance  Pois           0%         N/A       100%        4
 Agony                    Necr           0%         N/A       100%        5
 Lee's Rapid Deconstruct  Erth           0%         3d4*      100%        5
 Orb of Destruction       Conj           0%         9d5       100%        7
 Ozocubu's Refrigeration  Ice            0%         4d7       100%        7
 Spellforged Servitor     Conj/Summ      0%         N/A       100%        7
 Ignition                 Fire           0%         3d3       100%        8


Dungeon Overview and Level Annotations

Branches:
Dungeon (4/15)              Sewer (visited)
 Temple: D:4-7

Altars:


Innate Abilities, Weirdness & Mutations

You are immune to sickness and miasma.
Your stone body is resilient. (AC +4)
You are immune to poison.
You resist negative energy. (rN+)
You are resistant to electric shocks. (rElec)
You are resistant to unholy torment.
You are immune to petrification.


Message History

You barely miss the orc. The orc closely misses you.
The orc priest miscasts a cantrip.
The lemure hits you but does no damage.
You completely miss the orc. The orc closely misses you.
The lemure hits you but does no damage. The orc closely misses you.
The lemure hits you but does no damage.
You thump the orc!
You kill the orc!
The orc priest looks satisfied for a moment.
The lemure hits you but does no damage. The orc priest barely misses you.
Items here: )) [ †.
You hit the orc priest.
The orc priest is lightly wounded.
The orc priest hits you with a +0 flail.
The lemure closely misses you.
You barely miss the orc priest.
The orc priest is lightly wounded.
The orc priest calls down the wrath of Beogh upon you.
Beogh smites you!
The orc priest calls down the wrath of Beogh upon you.
Beogh smites you!
* * * LOW HITPOINT WARNING * * *
The lemure hits you.
* * * LOW HITPOINT WARNING * * *
You closely miss the orc priest.
The orc priest is lightly wounded.
The orc priest hits you but does no damage.
The orc priest calls upon Beogh to heal the orc priest.
The orc priest's wounds heal themselves!
The lemure closely misses you. You block the orc priest's attack.
The lemure hits you but does no damage.
You barely miss the orc priest. The orc priest barely misses you.
The lemure hits you but does no damage.
You hit the orc priest.
The orc priest is moderately wounded.
The orc priest barely misses you.
The orc priest mumbles some strange prayers to Beogh against you.
Beogh smites you!
You die...

#...#.#
.######.#.#
........o.#
#######.### #.#
##.#### #.#
#....<# #.#
#..####.#######o#
# #....55@oo#
###########


You could see 2 lemures and 3 orc priests.

Vanquished Creatures
  An orc priest (D:3)
  7 adders
  3 river rats
  6 worms
  6 orcs
  8 ball pythons
  4 bats
  7 endoplasms
  3 giant cockroaches
  8 hobgoblins
  13 kobolds
  5 quokkas
  3 frilled lizards
  12 rats
86 creatures vanquished.

Notes
Turn   | Place    | Note
-------+----------+-------------------------------------------
     0 | D:1      | Dittersdorf the Gargoyle Fighter began the quest for the
                  | Orb.
     0 | D:1      | Reached XP level 1. HP: 14/14 MP: 1/1
   153 | D:1      | Reached XP level 2. HP: 18/19 MP: 2/2
   835 | D:2      | Reached XP level 3. HP: 18/24 MP: 3/3
  1187 | D:2      | Reached XP level 4. HP: 29/29 MP: 4/4
  1977 | D:3      | Reached XP level 5. HP: 27/33 MP: 5/5
  2347 | D:4      | Identified a scroll of acquirement
  2347 | D:4      | Acquired a manual of Fighting
  2475 | D:4      | Found a glowing drain.
  2489 | Sewer    | Entered a sewer
  2928 | D:4      | Noticed a lemure
  2929 | D:4      | Noticed a lemure
  2947 | D:4      | Killed from afar by an orc priest

Illustrated notes

Levels and vault maps discovered:
D:1:      dpeg_arrival_orchard, layout_basic
D:2:      layout_loops_cross, chequers_serial_rivers_large_a
D:3:      layout_loops_ring
D:4:      layout_basic, gup_sewer_entry_bubbles, nicolae_shop_i_like_big_books,
          uniq_pikel

Skill      XL: |  1  2  3  4  5 |
---------------+----------------+-----
Shields        | 4 |  4.5
Armour         | 4 |  4.5
Fighting       | 4 |  4.8
Maces & Flails | 3 |  3.3

Action                     |  1- 3 |  4- 6 || total
---------------------------+-------+-------++-------
  Melee: Flail             |   103 |   195 ||   298
    Use: Scroll            |       |    11 ||    11
 Armour: Scale mail        |    83 |    95 ||   178
  Dodge: Dodged            |    49 |    82 ||   131
  Block: Buckler           |    27 |    43 ||    70

Table legend: (Time is in decaauts)
 A = Elapsed time spent in this place.
 B = Non-inter-level travel time spent in this place.
 C = Inter-level travel time spent in this place.
 D = Time resting spent in this place.
 E = Time spent auto-exploring this place.
 F = Levels seen in this place.
 G = Mean time per level.
                   A        B        C        D        E       F      G
               +--------+--------+--------+--------+--------+-----+--------+
         Total |   3145 |   3062 |     83 |      0 |   2222 |   5 |  629.0 |
       Dungeon |   2696 |   2613 |     83 |      0 |   1931 |   4 |  674.0 |
         Sewer |    448 |    448 |      0 |      0 |    291 |   1 |  448.0 |
               +--------+--------+--------+--------+--------+-----+--------+

Top non-repeatable levels by time:
     D:1: 838 daAuts
     D:2: 810 daAuts
     D:3: 765 daAuts
   Sewer: 448 daAuts
     D:4: 283 daAuts
